Get step-by-step instructions on how to execute this build order below. Start the game timer, and the build order will tick by so you can play in parallel with StarCraft on a second screen or mobile device.

Game Time

  0:00

Last Step

  N/A

Next Step

  12  0:01  Probe (Chrono Boost)  

Upcoming Step

  13  0:11  Probe (Chrono Boost)  

Don't want to look back and forth between 2 screens? Try out our Overwolf App, the Spawning Tool Build Advisor to get an in-game overlay with this build!

Complete Build Order

  12  0:01  Probe (Chrono Boost)  
  13  0:11  Probe (Chrono Boost)  
  14  0:19  Pylon  
  14  0:23  Probe (Chrono Boost)  
  15  0:37  Probe (Chrono Boost)  
  15  0:38  Gateway  
  16  0:47  Probe (Chrono Boost)  
  16  0:49  Assimilator  
  17  0:58  Probe (Chrono Boost)  
  18  1:08  Probe (Chrono Boost)  
  19  1:22  Nexus  
  19  1:32  Cybernetics Core  
  19  1:35  Probe (Chrono Boost)  
  20  1:42  Assimilator  
  20  1:45  Probe (Chrono Boost)  
  21  1:55  Pylon  
  21  1:56  Probe (Chrono Boost)  
  22  2:09  Warp Gate  
  22  2:10  Probe  
  22  2:14  Adept (Chrono Boost)  
  25  2:22  Probe  
  26  2:33  Probe  
  26  2:34  Probe  
  30  2:37  Adept (Chrono Boost)  
  30  2:40  Twilight Council  
  30  2:44  Probe  
  30  2:46  Probe  
  32  2:54  Probe  
  33  2:58  Probe  
  33  3:01  Adept (Chrono Boost)  
  36  3:08  Robotics Facility, Probe  
  37  3:14  Probe  
  37  3:19  Probe  
  38  3:26  Probe  
  40  3:32  Gateway  
  40  3:34  Probe  
  42  3:41  Probe  
  42  3:43  Dark Shrine  
  42  3:44  Gateway  
  42  3:45  Gateway  
  42  3:49  Probe  
  39  3:56  Probe  
  39  4:01  Mothership Core  
  40  4:08  Probe  
  40  4:09  Warp Prism (Chrono Boost)  
  43  4:10  Pylon  
  43  4:13  Assimilator  
  43  4:15  Assimilator  
  45  4:20  Probe  
  46  4:26  Probe  
  46  4:30  Adept  
  49  4:35  Pylon  
  49  4:37  Pylon  
  49  4:45  Probe  
  50  4:48  Probe  
  51  4:54  Pylon  
  51  4:57  Dark Templar x4  
  51  4:58  Probe  
  60  5:00  Probe  
  61  5:10  Probe  
  62  5:24  Archon x2  
  62  5:29  Zealot x2  
  62  5:30  Zealot x2  
  62  5:31  Probe  
  62  5:34  Nexus  
  71  5:36  Pylon, Probe  
  71  5:37  Pylon  
  72  5:46  Observer (Chrono Boost), Probe  
  72  5:48  Forge  
  72  5:59  Probe  
  72  6:04  Warp Prism (Chrono Boost), Sentry x2  
  67  6:08  Protoss Ground Weapons Level 1, Probe  
  72  6:15  Probe  
  73  6:19  Probe  
  73  6:24  Charge (Chrono Boost)  
  74  6:27  Gateway x2  
  74  6:28  Gateway  
  74  6:29  Gateway  
  74  6:31  Probe  
  74  6:32  Gateway, Probe  
  76  6:40  Dark Templar  
  76  6:41  Dark Templar  
  76  6:43  Probe  
  76  6:44  Probe  
  76  6:46  Archon  
  82  6:48  Zealot x2  
  82  6:52  Probe  
  87  6:55  Probe  
  87  6:56  Assimilator  
  88  7:01  Assimilator  
  88  7:03  Templar Archives  
  88  7:07  Immortal  
  92  7:14  Zealot  
  94  7:18  Probe x3  
  97  7:25  Dark Templar x2  
  97  7:26  Dark Templar x2  
  105  7:30  Probe  
  105  7:32  Pylon  
  105  7:33  Pylon  
  105  7:34  Archon x2  
  106  7:38  Probe  
  106  7:40  Probe  
  106  7:41  Psionic Storm  
  108  7:55  Zealot  
  108  7:56  Zealot x4  
  118  7:59  High Templar x2  
  118  8:01  Probe  
  123  8:12  Zealot  
  125  8:22  Protoss Ground Weapons Level 2  
  125  8:25  Probe  
  124  8:28  Pylon  
  124  8:30  Pylon  
  122  8:34  High Templar  
  124  8:47  Immortal (Chrono Boost)  
  124  8:48  Pylon  
  128  8:50  Pylon  
  128  8:54  Zealot x3  
  128  8:55  Probe  
  125  8:57  Zealot x3  
  125  8:58  Zealot x2  
  118  9:12  Zealot  
  100  9:19  Zealot x3  
  100  9:22  Zealot x3  
  100  9:23  Zealot, Probe  
  93  9:26  Zealot x3  
  93  9:27  Zealot  
  93  9:30  Probe  
  86  9:32  High Templar x2  
  86  9:34  High Templar x2  
  86  9:37  Probe x2  
  96  9:43  Pylon  
  96  9:45  Pylon  
  96  9:49  Mothership Core  
  96  9:52  High Templar x2  
  100  9:53  High Templar x2  
  100  9:58  Archon  
  106  10:00  Zealot  
  106  10:02  Immortal (Chrono Boost)  
  106  10:07  High Templar  
  114  10:10  Zealot x3  
  114  10:11  Probe x3  
  114  10:13  Archon  
  123  10:23  Zealot, Probe  
  123  10:25  Zealot  
  123  10:28  Probe  
  129  10:30  Nexus  
  129  10:32  Pylon  
  129  10:34  High Templar x3  
  135  10:38  Zealot x3  
  135  10:41  Probe  
  135  10:42  Probe  
  143  10:45  High Templar x2  
  148  10:50  Archon, Observer (Chrono Boost)  
  148  11:03  Zealot x4  
  156  11:12  Probe  
  156  11:13  Zealot x2  
  156  11:14  Zealot  
  156  11:15  Probe  
  161  11:26  Zealot  
  161  11:27  Zealot  
  161  11:30  Probe  
  118  11:57  Protoss Ground Weapons Level 3, Zealot x2  
  118  11:58  High Templar x2, Zealot  
  118  11:59  High Templar x2, Zealot x2  
  118  12:00  Probe x2  
  118  12:01  Probe  
  134  12:02  Probe  
  134  12:04  Archon  
  134  12:06  Archon  
  134  12:08  Immortal (Chrono Boost)  
  140  12:14  Probe  
  140  12:15  Probe  
  142  12:26  High Templar x4  
  142  12:27  Zealot  
  152  12:32  Zealot  
  152  12:33  Zealot x3  
  152  12:36  Assimilator  
  156  12:37  Archon  
  156  12:40  Assimilator  
  156  12:41  Archon  
  156  12:42  Observer (Chrono Boost)  
  156  12:43  Photon Cannon  
  147  12:56  High Templar x2  
  151  13:00  Zealot x3  
  151  13:01  Immortal (Chrono Boost), Zealot  
  163  13:08  Photon Cannon  
  163  13:09  Photon Cannon  
  163  13:12  High Templar x2  
  159  13:18  Zealot  
  161  13:20  Probe  
  161  13:25  Archon  
  162  13:40  Zealot x5  
  162  13:41  Zealot x2  
  174  13:50  High Templar  
  162  14:06  Zealot x2  
  162  14:07  Zealot x4  
  154  14:13  Archon  
  154  14:15  Zealot  
  154  14:16  Zealot  
  140  14:31  Stalker x2  
  140  14:32  Stalker x2  
  145  14:39  High Templar  
  145  14:40  High Templar x3, Zealot  
  145  14:45  Archon x3